 Dungeon Crawl Stone Soup version bcrawl-1.37 (webtiles) character file.

Game seed: 7178127907479896984

9738367 zoran the Warrior (level 19, 0/143 HPs)
             Began as a Kobold Berserker on Sept 19, 2022.
             Was a High Priest of Trog.
             Killed by vampiric draining
             ... invoked by a vampire mage
              (10 damage)
             ... on level 1 of the Vaults on Sept 20, 2022.
             The game lasted 02:08:22 (40741 turns).

zoran the Warrior (Kobold Berserker)               Turns: 40741, Time: 02:08:22

Health: 0/143      AC: 25    Str: 22    XL:     19   Next: 21%
Magic:  14/14      EV: 17    Int:  9    God:    Trog [*****.]
Gold:   1580       SH: 16    Dex: 15    Spells: 18/18 levels left

rFire    + + .     GDR:     38% i - +3 long sword (antimagic)
rCold    + . .     SeeInvis .   Q - +2 buckler
rNeg     . . .     Gourm    .   V - +2 storm dragon scales {Bai Suzhen}
rPois    .         Faith    +   (no helmet)
rElec    +         Spirit   .   U - scarf {rC+ rF+} {pickup}
rCorr    .         Reflect  .   b - +2 pair of gloves
MR       +....                  W - +1 pair of boots
Stlth    ++........             I - amulet of faith
HPRegen  2.53/turn              B - ring of protection from fire
MPRegen  0.14/turn              K - ring of protection from magic

@: exhausted, vulnerable, regenerating, studying Shields
A: small, talons 1, carnivore, mutation resistance 1, sense surroundings 2
}: 2/15 runes: decaying, gossamer
a: Berserk, Trog's Hand, Brothers in Arms, Renounce Religion


You were on level 1 of the Vaults.
You worshipped Trog.
Trog was extremely pleased with you.
You were not hungry.

You visited 6 branches of the dungeon, and saw 26 of its levels.
You also visited: Gauntlet and Ice Cave.

You collected 3293 gold pieces.
You spent 1713 gold pieces at shops.

Inventory:

Hand Weapons
 i - a +3 antimagic long sword (weapon)
 q - a +8 long sword
 y - a +0 blowgun
Missiles
 G - 4 throwing nets {=f}
 H - 596 poisoned tomahawks (quivered)
 X - 8 curare-tipped needles
Armour
 b - a +2 pair of gloves (worn)
 E - a +2 cloak of magic resistance
 Q - a +2 buckler (worn)
 U - a scarf of resistance (worn) {pickup}
 V - +2 storm dragon scales (worn) {Bai Suzhen}
 W - a +1 pair of boots (worn)
Jewellery
 B - a ring of protection from fire (left hand)
 I - an amulet of faith (around neck)
 K - a ring of protection from magic (right hand)
 Y - an uncursed ring of positive energy
Wands
 k - a wand of iceblast (5)
 m - a wand of flame (23)
 s - a wand of clouds (3)
 v - a wand of paralysis (16)
 J - a wand of polymorph (13)
 S - a wand of disintegration (4)
Scrolls
 c - 4 scrolls of immolation
 f - 5 scrolls of blinking
 g - 3 scrolls of teleportation
 j - 6 scrolls of fear
 r - 8 scrolls of fog
 x - 5 scrolls of remove curse
 z - 2 scrolls of vulnerability
 D - 3 scrolls of magic mapping
 F - a scroll of torment
 N - a scroll of summoning
 T - a scroll of silence
Potions
 h - 6 potions of curing
 l - a potion of cancellation
 n - 2 potions of heal wounds
 p - 4 potions of mutation
 t - 5 potions of ambrosia
 u - 2 potions of invisibility
 w - 4 potions of might
 A - 2 potions of agility
 M - 4 potions of haste
 P - 6 potions of lignification
 Z - 6 potions of flight
Miscellaneous
 C - a fan of gales (2/2)
 L - a lightning rod (4/4)
Comestibles
 e - 42 rations {!d}


   Skills:
 + Level 16.7 Fighting
   Level 10.0(14.3) Short Blades
 - Level 13.3(14.0) Long Blades
 - Level 15.0 Armour
 - Level 10.0 Dodging
 - Level 10.0 Stealth
 - Level 15.0 Shields
 + Level 14.6 Evocations


You had 18 spell levels left.
You didn't know any spells.
Your spell library was empty.

Dungeon Overview and Level Annotations

Branches:
Dungeon (12/12)            Temple (0/1) D:6            Lair (6/6) D:8
  Swamp (3/3) Lair:4       Spider (3/3) Lair:3        Slime (0/5) Lair:6
    Orc (1/1) D:11            Elf (0/3) Orc          Vaults (1/3) D:12
 Depths (0/5) D:12
  Crypt: Vaults:1-2

Altars:
Ashenzari
Cheibriados
Dithmenos
Elyvilon
Fedhas
Hepliaklqana
Lugonu
Sif Muna
Trog
Uskayaw
Xom
Yredelemnul
The Shining One
Jiyva

Shops:
D:6 *   D:8 (   Orc (*:[

Portals:
Trove: Vaults:1 (give horn of Geryon)

Annotations:
Spider:2 exclusion: orange crystal statue


Innate Abilities, Weirdness & Mutations

You are small and have problems with some larger weapons.
You have sharp toenails.
You are carnivorous and can eat meat at any time.
You are somewhat resistant to further mutation.
You passively map the area around you.


Message History

* * * LOW HITPOINT WARNING * * *
Something hits you.
* * * LOW HITPOINT WARNING * * *
Something bites you but does no damage. The wraith barely misses you.
Your deep troll bites the spectral yaktaur captain!!
Your deep troll claws the spectral yaktaur captain!!
Your deep troll claws the spectral yaktaur captain.
The vampire knight is infused with unholy energy.
* * * LOW HITPOINT WARNING * * *
The vampire knight draws life force from you and is healed!
You slice the vampire knight!!
The vampire knight's magic leaks into the air.
The vampire knight is almost destroyed.
Your deep troll bites the spectral yaktaur captain!!
Your deep troll claws the spectral yaktaur captain.
Your deep troll claws the spectral yaktaur captain but does no damage.
You block the freezing wraith's attack. The freezing wraith hits you.
* * * LOW HITPOINT WARNING * * *
Unholy energy fills the air.
You die...

#..#... ..
,,
#..#.#....
,*
#..#...... ,
#..#...8###
#..#...##.#
* #..#.....
, ,,
#..#...##V*
,*
#.W#W..8###
,
#..@{{.....
#.V#Z#.....,
#..#.T.....
#.:######
#**** #..#
#..# #..#
#..# * * *


You could see a vampire knight, a freezing wraith, a spectral yaktaur captain, a
wraith and a friendly deep troll (berserk).

Vanquished Creatures
  Bai Suzhen (Spider:2)
  Arachne (Spider:2)
  An orc warlord (D:11)
  4 ghost moths
  5 emperor scorpions
  An ironheart preserver (Vaults:1)
  2 entropy weavers
  3 dire elephants (Lair:6)
  2 spark wasps
  2 green deaths (Swamp:3)
  Urug (D:11)
  2 yaktaur captains
  2 rakshasas
  13 hydras
  A hell beast (Swamp:3)
  A ghost crab (Swamp:2)
  An ogre mage (Vaults:1)
  2 anacondas
  A death ooze (Swamp:3)
  A tengu warrior (D:12)
  6 two-headed ogres
  7 alligators
  2 dancing weapons (D:12)
  A queen ant (Lair:6)
  A deep troll shaman (Vaults:1)
  2 death knights
  A shambling mangrove (Swamp:3)
  9 death yaks
  A spectral dire elephant (Lair:6)
  A deep troll earth mage (Vaults:1)
  3 thrashing horrors (Swamp:3)
  An orc high priest (Orc)
  6 centaur warriors
  A skeletal warrior (D:12)
  2 deep trolls (Vaults:1)
  A spectral anaconda (Lair:6)
  4 swamp dragons
  A death drake (Swamp:1)
  2 unseen horrors (D:11)
  A wolf spider zombie (D:12)
  A deep elf archer (D:12)
  3 wizards (Vaults:1)
  2 phantasmal warriors (Vaults:1)
  An obsidian statue (Lair:6)
  2 cyclopes
  An orc knight (D:11)
  A harpy (shapeshifter) (Vaults:1)
  An ironheart convoker (Vaults:1)
  4 necromancers
  A human zombie (Vaults:1)
  9 orb spiders
  16 ugly things
  2 deep elf magi
  14 wolf spiders
  2 orc sorcerers
  A moth of wrath (Spider:3)
  A vault sentinel (Vaults:1)
  6 will-o'-wisps (Swamp:1)
  A torpor snail (Spider:3)
  2 black mambas (Lair:6)
  23 elephants
  Joseph (D:10)
  2 dire elephant skeletons (Lair:6)
  12 cane toads
  4 rime drakes
  An orange demon (Swamp:3)
  A yaktaur zombie (Vaults:1)
  11 komodo dragons
  A yaktaur (shapeshifter) (D:12)
  3 yaktaurs
  18 jumping spiders
  A tengu conjurer (D:8)
  9 demonic crawlers
  6 tyrant leeches
  An eye of draining (D:10)
  5 trolls
  3 freezing wraiths
  3 meliai (D:10)
  A wind drake (shapeshifter) (Vaults:1)
  11 hornets
  A raiju (shapeshifter) (D:12)
  19 blink frogs
  5 dream sheep
  A meliai zombie (D:11)
  12 bog bodies
  An ettin zombie (Vaults:1)
  33 slime creatures
  10 hippogriffs
  A vampire (D:10)
  Sigmund (D:3)
  2 wraiths (D:12)
  2 shadows (Swamp:3)
  11 tarantellas
  A large abomination (Swamp:3)
  42 yaks
  3 spriggans
  18 redbacks
  A basilisk (Lair:5)
  A hungry ghost (D:10)
  13 swamp worms
  16 vampire mosquitoes
  2 wargs
  10 crocodiles
  3 spectral cane toads (Lair:6)
  11 water moccasins
  11 porcupines
  18 soldier ants
  4 sky beasts
  4 swamp drakes
  9 ice beasts
  22 orc warriors
  2 black bears
  3 hornet zombies
  A cane toad skeleton (D:10)
  3 boggarts (D:12)
  A necrophage (D:6)
  10 ogres
  4 wolves (Lair:3)
  Blork the orc (D:5)
  12 bullfrogs
  2 kobold brigands
  A small abomination (Swamp:3)
  3 cane toad simulacra (Lair:6)
  17 centaurs
  A wyvern skeleton (D:7)
  A hornet simulacrum (D:10)
  2 scorpions
  2 troll zombies (Swamp:2)
  2 elephant simulacra (Lair:6)
  A killer bee (shapeshifter) (D:12)
  5 wights
  2 troll skeletons (Swamp:2)
  4 howler monkeys
  20 orc priests
  2 crimson imps
  A bullfrog zombie (D:9)
  A gnoll shaman (D:8)
  A jelly (shapeshifter) (D:12)
  A jelly (D:12)
  Crazy Yiuf (D:5)
  A bullfrog skeleton (D:9)
  A quasit (D:9)
  6 hounds
  20 orc wizards
  An iguana (shapeshifter) (Vaults:1)
  An iguana (D:6)
  Natasha (thrice) (D:3)
  3 hell rats
  34 worker ants
  A hound skeleton (D:8)
  A howler monkey zombie (D:7)
  2 worker ant zombies
  6 gnolls (D:8)
  7 adders
  12 river rats
  2 shadow imps
  An ooze (D:3)
  2 worms
  3 dart slugs
  3 leopard geckos
  53 orcs
  8 bats
  4 giant cockroaches
  6 goblins
  8 hobgoblins
  7 jackals
  7 quokkas
  2 frilled lizards
  33 kobolds
  7 rats
  A bush (Lair:5)
  A plant (D:5)
930 creatures vanquished.

Vanquished Creatures (collateral kills)
  Mara (Spider:3)
  Kirke (Spider:3)
  An emperor scorpion (Spider:3)
  A hell beast (Swamp:3)
  A hydra (Swamp:3)
  An ice dragon (Vaults:1)
  A deep troll (Vaults:1)
  A spectral death yak (Lair:6)
  2 swamp dragons (Swamp:3)
  An orb spider (Spider:3)
  2 hornets
  2 bog bodies (Swamp:3)
  2 hogs (Spider:3)
  2 vampire mosquitoes (Swamp:1)
  A spectral cane toad (Lair:6)
  A swamp drake (Swamp:1)
21 creatures vanquished.

Vanquished Creatures (others)
  An alligator (Swamp:1)
  A wolf spider (Spider:1)
  A spectral elephant (Lair:6)
  4 humans (Spider:3)
  A swamp worm (Swamp:1)
  An orc warrior (D:11)
  2 orc wizards (Orc)
  A bush (Lair:4)
  23 fungi
  66 plants
  12 withered plants (Lair:6)
113 creatures vanquished.

Grand Total: 1064 creatures vanquished

Notes
Turn   | Place    | Note
-------+----------+-------------------------------------------
     0 | D:1      | zoran the Kobold Berserker began the quest for the Orb.
     0 | D:1      | Reached XP level 1. HP: 16/16 MP: 1/1
    90 | D:1      | Reached skill level 1 in Stealth
    90 | D:1      | Reached XP level 2. HP: 21/21 MP: 2/2
   458 | D:1      | Reached XP level 3. HP: 26/26 MP: 3/3
  1240 | D:2      | Reached ** piety under Trog
  1586 | D:2      | Found a glowing golden altar of the Shining One.
  1627 | D:2      | Found a transporter.
  1635 | D:2      | Reached XP level 4. HP: 33/33 MP: 4/4
  1671 | D:2      | Found a transporter.
  1682 | D:2      | Found a shattered altar of Ashenzari.
  1973 | D:3      | Reached skill level 4 in Fighting
  1973 | D:3      | Reached XP level 5. HP: 37/37 MP: 5/5
  2003 | D:3      | Found a shimmering altar of Xom.
  2108 | D:3      | Noticed Sigmund
  2113 | D:3      | Killed Sigmund
  2114 | D:3      | Reached XP level 6. HP: 44/44 MP: 6/6
  2135 | D:3      | Found a basalt altar of Yredelemnul.
  2274 | D:3      | Reached skill level 5 in Fighting
  2286 | D:3      | Reached XP level 7. HP: 50/50 MP: 7/7
  2466 | D:3      | Reached skill level 5 in Dodging
  2830 | D:3      | Noticed Natasha
  2845 | D:3      | Killed Natasha
  2957 | D:3      | Noticed Natasha
  2971 | D:3      | Killed Natasha
  2971 | D:3      | Reached *** piety under Trog
  3050 | D:3      | Noticed Natasha
  3072 | D:3      | Killed Natasha
  3109 | D:4      | Got a coiled steel ring
  3239 | D:4      | Reached skill level 6 in Fighting
  3239 | D:4      | Reached XP level 8. HP: 10/57 MP: 8/8
  3281 | D:5      | Entered Level 5 of the Dungeon
  3583 | D:4      | Reached skill level 5 in Armour
  3627 | D:4      | Found a shimmering blue altar of Sif Muna.
  3843 | D:5      | Found a runed door.
  3880 | D:5      | Noticed Blork the orc
  3891 | D:5      | Killed Blork the orc
  3892 | D:5      | Reached skill level 7 in Fighting
  4261 | D:5      | Reached skill level 8 in Fighting
  4704 | D:5      | Noticed Crazy Yiuf
  4712 | D:5      | Killed Crazy Yiuf
  4873 | D:5      | Reached skill level 9 in Fighting
  4873 | D:5      | Reached XP level 9. HP: 57/68 MP: 9/9
  5632 | D:5      | Identified the cursed ring "Uskalaptu" {Int-2 Dex+5} (You
                  | found it on level 4 of the Dungeon)
  5667 | D:6      | Reached skill level 10 in Fighting
  5672 | D:6      | Reached skill level 1 in Evocations
  6234 | D:6      | Noticed a hippogriff
  6244 | D:6      | Killed a hippogriff
  6245 | D:6      | Reached skill level 1 in Shields
  6333 | D:6      | Found a hazy altar of Hepliaklqana.
  6352 | D:6      | Found a staircase to the Ecumenical Temple.
  6365 | D:6      | Found Daogo's Lightly-Used Armoury.
  6432 | D:6      | Bought a -1 quick blade for 168 gold pieces
  6631 | D:6      | Found a blossoming altar of Fedhas.
  6680 | D:6      | Found a hide-covered altar of Uskayaw.
  6804 | D:6      | Noticed a hippogriff
  6836 | D:6      | Killed a hippogriff
  6837 | D:6      | Reached skill level 5 in Stealth
  6854 | D:6      | Found a corrupted altar of Lugonu.
  7345 | D:7      | Reached XP level 10. HP: 76/76 MP: 13/13
  7400 | D:7      | Found a bloodstained altar of Trog.
  7603 | D:7      | Reached **** piety under Trog
  7665 | D:8      | Found a staircase to the Lair.
  7669 | D:8      | Noticed a death yak
  7672 | D:8      | Noticed a death yak
  7684 | D:8      | Reached skill level 5 in Evocations
  7699 | D:8      | Noticed a death yak
  7724 | D:8      | Killed a death yak
  7725 | D:8      | Reached skill level 5 in Shields
  7835 | D:7      | Killed a death yak
  7836 | D:7      | Reached skill level 11 in Fighting
  7897 | D:7      | Killed a death yak
  7898 | D:7      | Reached skill level 12 in Fighting
  8117 | D:8      | Noticed a two-headed ogre
  8132 | D:8      | Killed a two-headed ogre
  8133 | D:8      | Reached XP level 11. HP: 85/85 MP: 14/14
  8290 | D:8      | Found a snail-covered altar of Cheibriados.
  8334 | D:8      | Found Pioty's Antique Weapon Emporium.
  8797 | D:8      | Found a white marble altar of Elyvilon.
  8979 | D:8      | Found a bloodstained altar of Trog.
  9222 | Lair:1   | Entered Level 1 of the Lair of Beasts
 10025 | Lair:1   | Reached skill level 10 in Short Blades
 10347 | Lair:2   | Noticed an elephant
 10356 | Lair:2   | Noticed a seven-headed hydra
 10370 | Lair:2   | Killed a seven-headed hydra
 10552 | Lair:2   | Found a gate leading to a gauntlet.
 10552 | Lair:2   | Noticed an elephant
 10563 | Lair:2   | Noticed an elephant
 10563 | Lair:2   | Noticed an elephant
 10564 | Lair:2   | Noticed an elephant
 10567 | Lair:2   | Noticed an elephant
 10569 | Gauntlet | Entered a Gauntlet
 10569 | Gauntlet | Found a transporter.
 10569 | Gauntlet | Found a transporter.
 10573 | Gauntlet | Found a transporter.
 10573 | Gauntlet | Found a transporter.
 10581 | Gauntlet | Noticed a red ugly thing
 10582 | Gauntlet | Noticed a great orb of eyes
 10584 | Gauntlet | Found a transporter.
 10584 | Gauntlet | Noticed a brown ugly thing
 10588 | Gauntlet | Found a transporter.
 10590 | Gauntlet | Noticed a catoblepas
 10593 | Gauntlet | Found a transporter.
 10596 | Gauntlet | Noticed an orb spider
 10610 | Gauntlet | Noticed a glowing shapeshifter
 10610 | Gauntlet | a jumping spider changed into a glowing shapeshifter
 10611 | Gauntlet | a glowing shapeshifter changed into a torpor snail
 10614 | Gauntlet | Noticed a fire dragon
 10614 | Gauntlet | a slime creature changed into a fire dragon
 10620 | Gauntlet | Noticed a catoblepas
 10630 | Gauntlet | Found a transporter.
 10633 | Gauntlet | a catoblepas changed into something unseen
 10637 | Gauntlet | Noticed an entropy weaver
 10652 | Gauntlet | Found a transporter.
 10665 | Gauntlet | Noticed a large abomination
 10666 | Gauntlet | Found a transporter.
 10703 | Gauntlet | Found a transporter.
 10717 | Gauntlet | Noticed an orange crystal statue
 10720 | Gauntlet | Found a transporter.
 10735 | Gauntlet | Found a transporter.
 10822 | Gauntlet | Found a transporter.
 10839 | Gauntlet | Found a transporter.
 10854 | Gauntlet | Noticed a moth of wrath
 10857 | Gauntlet | a moth of wrath changed into a dream sheep
 10858 | Gauntlet | Noticed a mana viper
 10858 | Gauntlet | a dream sheep changed into a mana viper
 10861 | Gauntlet | Noticed a two-headed ogre
 10861 | Gauntlet | a mana viper changed into a two-headed ogre
 10862 | Gauntlet | Noticed a glowing orange brain
 10862 | Gauntlet | a two-headed ogre changed into a glowing orange brain
 10863 | Gauntlet | Noticed a mana viper
 10863 | Gauntlet | a glowing orange brain changed into a mana viper
 10865 | Gauntlet | Noticed a faun
 10865 | Gauntlet | a mana viper changed into a faun
 10866 | Gauntlet | Noticed a mana viper
 10866 | Gauntlet | a faun changed into a mana viper
 10868 | Gauntlet | a mana viper changed into a swamp worm
 10965 | Lair:2   | Killed an elephant
 10980 | Lair:2   | Killed an elephant
 10981 | Lair:2   | Reached skill level 10 in Stealth
 10996 | Lair:2   | Killed an elephant
 11016 | Lair:2   | Killed an elephant
 11017 | Lair:2   | Reached XP level 12. HP: 59/91 MP: 16/16
 11511 | Lair:2   | Noticed a six-headed hydra
 11534 | Lair:2   | Killed a six-headed hydra
 13582 | Lair:3   | Reached skill level 10 in Dodging
 13582 | Lair:3   | Reached skill level 10 in Evocations
 13661 | Lair:3   | Reached XP level 13. HP: 97/97 MP: 20/20
 14382 | Lair:3   | Found a hole to the Spider Nest.
 14492 | Lair:4   | Found a frozen archway.
 14687 | Lair:4   | Reached ***** piety under Trog
 14858 | IceCv    | Entered an ice cave
 15238 | Lair:4   | Reached skill level 13 in Fighting
 15575 | Lair:4   | Found a staircase to the Swamp.
 16291 | Lair:5   | Reached skill level 14 in Fighting
 16916 | Lair:4   | Reached XP level 14. HP: 102/108 MP: 23/23
 17884 | Lair:6   | Entered Level 6 of the Lair of Beasts
 17942 | Lair:6   | Noticed an entropy weaver
 17950 | Lair:6   | Noticed an entropy weaver
 17957 | Lair:6   | Noticed a dire elephant
 17957 | Lair:6   | Noticed a dire elephant
 18144 | Lair:6   | Received a gift from Trog
 18198 | Lair:6   | Reached skill level 15 in Fighting
 18201 | Lair:6   | Found a staircase to the Slime Pits.
 18202 | Lair:6   | Found a viscous altar of Jiyva.
 19002 | D:9      | Found a shadowy altar of Dithmenos.
 19160 | D:10     | Entered Level 10 of the Dungeon
 19170 | D:10     | Reached skill level 10 in Shields
 19506 | D:10     | Noticed Joseph
 19530 | D:10     | Killed Joseph
 20217 | D:10     | Noticed Sonja
 20222 | D:10     | Noticed Sonja
 20222 | D:10     | Sonja changed into Sonja the eye of draining
 20233 | D:10     | Killed Sonja the eye of draining
 21084 | D:11     | Found a staircase to the Orcish Mines.
 21741 | Orc      | Entered the Orcish Mines
 21957 | Orc      | Noticed an orc warlord
 21979 | D:11     | Received a gift from Trog
 22057 | Orc      | Noticed Urug
 22075 | D:11     | Killed Urug
 22139 | D:11     | Killed an orc warlord
 22299 | Orc      | Reached skill level 10 in Armour
 22329 | Orc      | Found a roughly hewn altar of Beogh.
 22557 | D:11     | Reached skill level 1 in Long Blades
 22696 | D:11     | Reached XP level 15. HP: 116/116 MP: 24/24
 23171 | Orc      | Found Foahumuj's Antique Weapon Shop.
 23212 | Orc      | Found Jijoc's General Store.
 23320 | Orc      | Found Temnaot's Book Shop.
 23441 | Orc      | Bought a manual of Shields for 1545 gold pieces
 23446 | Orc      | Found a staircase to the Elven Halls.
 23526 | Orc      | Found Papp's Antique Armour Shop.
 23792 | D:12     | Entered Level 12 of the Dungeon
 24203 | D:12     | Received a gift from Trog
 24898 | D:12     | Reached skill level 5 in Long Blades
 25147 | D:12     | Identified the cursed +0 long sword of Causality {speed,
                  | rC+}
 25359 | D:12     | Found a gate to the Vaults.
 25942 | D:12     | Found a staircase to the Depths.
 27312 | Lair:6   | Received a gift from Trog
 27325 | Lair:6   | Reached XP level 16. HP: 76/122 MP: 12/25
 28974 | Lair:6   | Received a gift from Trog
 29309 | Spider:1 | Entered Level 1 of the Spider Nest
 30709 | Spider:2 | Reached skill level 15 in Shields
 31295 | Spider:2 | Noticed Arachne
 31720 | Spider:2 | Killed Arachne
 31950 | Spider:2 | Noticed Bai Suzhen
 31961 | Spider:2 | Killed Bai Suzhen
 31962 | Spider:2 | Reached XP level 17. HP: 127/127 MP: 26/26
 32469 | Spider:3 | Entered Level 3 of the Spider Nest
 32503 | Spider:3 | Received a gift from Trog
 32623 | Spider:3 | Noticed Kirke
 32637 | Spider:3 | Killed Kirke
 32970 | Spider:3 | Noticed Mara
 32991 | Spider:3 | Noticed zoran's illusion
 33420 | Spider:3 | Killed Mara
 33882 | Spider:3 | Reached skill level 10 in Long Blades
 34131 | Spider:3 | Reached skill level 15 in Armour
 35194 | Spider:3 | Got a gossamer rune of Zot
 35407 | Swamp:1  | Entered Level 1 of the Swamp
 35817 | Swamp:1  | Reached XP level 18. HP: 104/134 MP: 27/27
 37930 | Swamp:3  | Entered Level 3 of the Swamp
 39327 | Swamp:3  | Got a decaying rune of Zot
 39752 | Vaults:1 | Entered Level 1 of the Vaults
 39839 | D:12     | Reached skill level 16 in Fighting
 40195 | Vaults:1 | Reached XP level 19. HP: 85/142 MP: 14/29
 40256 | Vaults:1 | Found a portal to a secret trove of treasure.
 40418 | Vaults:1 | Upgraded the game from bcrawl-1.36.5b to bcrawl-1.37
 40741 | Vaults:1 | Killed from afar by a vampire mage

Skill      XL: |  1  2  3  4  5  6  7  8  9 10 11 12 13 14 15 16 17 18 |
---------------+-------------------------------------------------------+-----
Stealth        | 1 2 5 10 | 10.0
Dodging        | 3 4 5 10 | 10.0
Fighting       | 4 5 6 9 10 12 14 15 16 | 16.7
Short Blades   | 6 7 8 10 | 10.0
Armour         | 3 4 5 10 11 14 15 | 15.0
Evocations     | 4 5 10 12 14 | 14.6
Shields        | 3 6 8 10 13 15 | 15.0
Long Blades    | 1 6 8 12 13 | 13.3

Action                   |  1- 3 |  4- 6 |  7- 9 | 10-12 | 13-15 | 16-18 | 19-21 || total
-------------------------+-------+-------+-------+-------+-------+-------+-------++-------
Melee: Short sword       |    73 |    84 |   430 |       |       |       |       ||   587
       Kick              |    13 |    22 |     6 |       |       |       |       ||    41
       Quick blade       |       |       |   114 |  1216 |  1526 |   293 |       ||  3149
       Rapier            |       |       |       |       |   696 |   161 |       ||   857
       Falchion          |       |       |       |       |   301 |    36 |       ||   337
       Long sword        |       |       |       |       |       |  1398 |   167 ||  1565
 Fire: Blowgun           |       |       |       |       |       |    91 |       ||    91
Throw: Tomahawk          |       |       |     8 |     2 |    29 |   164 |     4 ||   207
       Throwing net      |       |       |       |       |       |     1 |       ||     1
Invok: Berserk           |     3 |     5 |    24 |    25 |    47 |    37 |     2 ||   143
       Trog's Hand       |       |     2 |     3 |     5 |    11 |     6 |     2 ||    29
       Brothers in Arms  |       |       |       |       |       |     7 |     2 ||     9
Evoke: Wand              |       |       |       |     7 |    53 |    16 |     5 ||    81
       Lightning rod     |       |       |       |       |       |    17 |       ||    17
  Use: Scroll            |       |     2 |     2 |     3 |    21 |    17 |       ||    45
       Potion            |       |       |       |     1 |     2 |     6 |       ||     9
 Stab: Sleeping          |     2 |       |     4 |     6 |    23 |     2 |       ||    37
       Distracted        |       |       |     1 |     2 |     3 |     1 |     1 ||     8
       Confused          |       |       |       |     2 |       |       |       ||     2
       Paralysed         |       |       |       |       |     3 |     7 |       ||    10
       Petrified         |       |       |       |       |     1 |       |       ||     1
       Invisible         |       |       |       |       |       |     2 |       ||     2
  Eat: Chunk             |    13 |     9 |    48 |    52 |   116 |    85 |     3 ||   326
       Ration            |       |       |       |       |       |    13 |     1 ||    14
Armor: Animal skin       |    10 |     9 |    44 |       |       |       |       ||    63
       Ring mail         |       |       |    16 |    81 |   125 |       |       ||   222
       Chain mail        |       |       |       |       |   337 |   677 |       ||  1014
       Storm dragon scal |       |       |       |       |       |    38 |    59 ||    97
Dodge: Dodged            |    55 |    67 |   309 |   376 |  1055 |   873 |    52 ||  2787
Block: Buckler           |       |       |       |   164 |   699 |  1173 |    71 ||  2107
